 Dungeon Crawl Stone Soup version 0.20.1-1-g8b1a95d (webtiles) character file.

49 letownia2 the Grave Robber (level 3, 0/28 HPs)
             Began as a Deep Dwarf Necromancer on Dec 16, 2017.
             Slain by a centaur skeleton (3 damage)
             ... on level 4 of the Dungeon.
             The game lasted 00:05:04 (1323 turns).

letownia2 the Grave Robber (Deep Dwarf Necromancer) Turns: 1323, Time: 00:05:04

Health: 0/28       AC:  6    Str: 11    XL:     3   Next: 51%
Magic:  6/6        EV: 11    Int: 16    God:
Gold:   99         SH:  0    Dex: 13    Spells: 3/7 levels left

rFire    . . .     SeeInvis .   n - +0 dagger
rCold    . . .     Gourm    .   (no shield)
rNeg     . . .     Faith    .   k - +0 ring mail
rPois    .         Spirit   .   d - +0 helmet
rElec    .         Reflect  .   (no cloak)
rCorr    .         Harm     .   (no gloves)
MR       .....                  (no boots)
Stlth    +.........             (no amulet)
Regen    0.0/turn               (no ring)
MPRegen  0.1/turn               (no ring)

@: non-regenerating
A: damage resistance, heal wounds, sense surroundings 1, no regeneration
a: Heal Wounds


You were on level 4 of the Dungeon.
You were very hungry.

You visited 1 branch of the dungeon, and saw 4 of its levels.

You collected 99 gold pieces.

Inventory:

Hand Weapons
 m - a +0 hunting sling
 n - a +0 dagger (weapon)
Armour
 a - a +0 robe
 d - a +0 helmet (worn)
 h - a +0 scale mail
 k - a +0 ring mail (worn)
Magical Staves
 o - an uncursed staff of wizardry {unknown}
Scrolls
 e - a scroll of identify {unknown}
 j - a scroll of remove curse {unknown}
 l - 3 scrolls of fear {unknown}
Potions
 f - a potion of brilliance {unknown}
 i - a potion of magic {unknown}
Books
 b - a book of Necromancy

   Spells                             Type                      Level
   a - Pain                           Necromancy                   1
   b - Animate Skeleton               Necromancy                   1
   c - Vampiric Draining              Necromancy                   3
   d - Regeneration                   Charms/Necromancy            3
   e - Animate Dead                   Necromancy                   4
   f - Control Undead                 Necromancy                   4
Comestibles
 c - a bread ration
 g - a meat ration


   Skills:
 - Level 2.1 Dodging
 - Level 2.4 Stealth
 + Level 2.6 Spellcasting
 + Level 5.2 Necromancy


You had 3 spell levels left.
You knew the following spells:

 Your Spells              Type           Power        Failure   Level  Hunger
a - Pain                  Necr           ###.         5%          1    #......
v - Vampiric Draining     Necr           ###.......   17%         3    ###....


Dungeon Overview and Level Annotations

Branches:
Dungeon (4/15)
 Temple: D:4-7

Altars:
Ashenzari
Cheibriados
Dithmenos
Hepliaklqana
Nemelex Xobeh
Uskayaw
Vehumet

Annotations:
D:3 Ijyb, Sigmund
D:4 Dowan, Duvessa, Natasha


Innate Abilities, Weirdness & Mutations

You are resistant to damage.
You can heal yourself by infusing magical energy.
You passively map a small area around you.
You do not regenerate.


Message History

The centaur skeleton is heavily damaged.
Duvessa is no longer moving quickly.
The giant cockroach closely misses you.
The centaur skeleton closely misses you.
The giant cockroach barely misses you.
Unknown command.
You hit the centaur skeleton.
The centaur skeleton is severely damaged.
The centaur skeleton hits you. The giant cockroach closely misses you.
You hit the centaur skeleton but do no damage.
The centaur skeleton is severely damaged.
The centaur skeleton hits you.
The giant cockroach bites you but does no damage.
The centaur skeleton hits you.
* * * LOW HITPOINT WARNING * * *
Unknown command.
You hit the centaur skeleton.
The centaur skeleton is severely damaged.
The giant cockroach bites you but does no damage.
The centaur skeleton hits you.
You die...

* , , * . * * ,
..,,* * *, ... ,
...., * * ,.♣... **
......#### .# ,
♣..Z@.# #.# *
,.....###s###.##
.♣. #e##...## , #5#
....# * . ,
#h#*...## ,
....##g###...#####
* ,
♣..................
,
.....######...####
, ..♣!,* #.###


You could see Duvessa, Natasha, a gnoll, a white imp, a giant cockroach and a
centaur skeleton.

Vanquished Creatures
  A gnoll (D:4)
  An adder (D:4)
  A dart slug (D:1)
  2 leopard geckos
  2 orcs
  3 giant cockroaches
  4 goblins
  2 hobgoblins
  2 jackals (D:1)
  A quokka (D:3)
  A bat (D:3)
  A frilled lizard (D:2)
  A jackal skeleton (D:4)
  A kobold (D:2)
23 creatures vanquished.

Notes
Turn   | Place    | Note
-------+----------+-------------------------------------------
     0 | D:1      | letownia2 the Deep Dwarf Necromancer began the quest for the Orb.
     0 | D:1      | Reached XP level 1. HP: 15/15 MP: 3/3
   326 | D:2      | Found a snail-covered altar of Cheibriados.
   326 | D:2      | Found a hazy altar of Hepliaklqana.
   326 | D:2      | Found a shadowy altar of Dithmenos.
   326 | D:2      | Found a radiant altar of Vehumet.
   328 | D:2      | Found a sparkling altar of Nemelex Xobeh.
   328 | D:2      | Found a hide-covered altar of Uskayaw.
   329 | D:2      | Found a shattered altar of Ashenzari.
   389 | D:2      | Reached XP level 2. HP: 22/22 MP: 0/5
   671 | D:3      | Reached skill level 5 in Necromancy
   909 | D:3      | Noticed Sigmund
  1022 | D:4      | Reached XP level 3. HP: 20/28 MP: 0/6
  1038 | D:4      | Learned a level 3 spell: Vampiric Draining
  1098 | D:4      | Noticed Duvessa
  1098 | D:4      | Noticed Dowan
  1242 | D:3      | Noticed Ijyb
  1270 | D:4      | Noticed Natasha
  1323 | D:4      | Slain by a centaur skeleton

Skill      XL: |  1  2 |
---------------+-------+-----
Spellcasting   | 2 |  2.6
Necromancy     | 5 |  5.2
Dodging        | |  2.1
Stealth        | |  2.4

Action                   || total
-------------------------++-------
Melee: Unarmed           ||     9
       Dagger            ||    14
 Cast: Pain              ||    45
       Vampiric Draining ||     2
  Eat: Chunk             ||     1
Armor: Robe              ||     1
       Ring mail         ||    25
Dodge: Dodged            ||    46
